 Dungeon Sprint DCSS version 0.18-a0-1312-gf98331d (webtiles) character file.

721 Kidiri the Covert (level 7, -6/36 HPs)
             Began as a Spriggan Enchanter on Feb 14, 2016.
             Was a Follower of Dithmenos.
             Killed from afar by a burning bush (13 damage)
             ... with a puff of flame
             ... in the Dungeon (Sprint IV: "Fedhas' Mad Dash").
             The game lasted 00:02:51 (450 turns).

Kidiri the Covert (Spriggan Enchanter)               Turns: 450, Time: 00:02:51

Health: -6/36      AC:  5    Str:  4    XL:     7   Next: 42%
Magic:  11/19      EV: 25    Int: 18    God:    Dithmenos [*.....]
Gold:   81         SH:  0    Dex: 17    Spells: 5 memorised, 10 levels left

rFire  . . .     SeeInvis +     a - +1 dagger
rCold  . . .     Gourm    .     b - +1 robe
rNeg   . . .     Faith    .     (shield restricted)
rPois  .         Spirit   .     (helmet restricted)
rElec  .         Dismiss  .     l - +1 cloak {+Inv}
rCorr  .         Reflect  .     (gloves unavailable)
SustAt .         Harm     .     (boots unavailable)
MR     +....     NoTele   +     (no amulet)
Stlth  ++++++....               (no ring)
                                (no ring)

@: very slightly contaminated, wreathed by umbra, invisible, very quick,
somewhat resistant to hostile enchantments, very stealthy
A: unfitting armour, see invisible, herbivore 3, speed 3, slow metabolism 2
a: Renounce Religion, Turn Visible


You were in the Dungeon.
You worshipped Dithmenos.
Dithmenos was aware of your devotion.
You were not hungry.

You visited 1 branch You collected 81 gold pieces.

Inventory:

Hand Weapons
 a - a +1 dagger (weapon)
 n - a +0 rapier
Armour
 b - a +1 robe (worn)
 l - a +1 cloak of invisibility (worn)
Scrolls
 j - a scroll of blinking
 k - a scroll of magic mapping {unknown}
 m - a scroll of amnesia {unknown}
 o - a scroll of enchant weapon {unknown}
Potions
 e - a potion of curing
 f - a potion of heal wounds
 g - a potion of haste
 h - 2 potions of magic
 i - a potion of berserk rage
Books
 c - a book of Maledictions

   Spells                             Type                      Level
   a - Corona                         Hexes                        1
   b - Ensorcelled Hibernation        Hexes/Ice                    2
   c - Confuse                        Hexes                        3
   d - Tukima's Dance                 Hexes                        3
   e - Dazzling Spray                 Conjuration/Hexes            3
Comestibles
 d - a bread ration


   Skills:
 + Level 3.3 Fighting
 * Level 6.8 Short Blades
 + Level 3.0 Armour
 * Level 9.3 Dodging
 * Level 10.4 Stealth
 * Level 8.1 Spellcasting
 + Level 2.6 Conjurations
 + Level 6.4 Hexes
 + Level 3.0 Ice Magic
 + Level 3.1 Invocations
 + Level 4.5 Evocations


You had 10 spell levels left.
You knew the following spells:

 Your Spells              Type           Power        Failure   Level  Hunger
a - Corona                Hex            ####...      1%          1    None
b - Ensorcelled Hibernat  Hex/Ice        ###...       1%          2    None
c - Confuse               Hex            ####....     2%          3    #......
d - Tukima's Dance        Hex            ####....     2%          3    #......
e - Dazzling Spray        Conj/Hex       ###.....     4%          3    #......


Dungeon Overview and Level Annotations

Branches:
Dungeon (1/1)

Altars:
Cheibriados
Dithmenos
Elyvilon
Gozag
Kikubaaqudgha
Makhleb
Nemelex Xobeh
Okawaru
Pakellas
Qazlal
Ru
Sif Muna
Trog
Vehumet
Xom
Yredelemnul
Zin
The Shining One
Beogh
Jiyva
Lugonu

Shops:
D }!


Innate Abilities, Weirdness & Mutations

You are tiny and cannot use many weapons and most armour.
You have supernaturally acute eyesight.
You are an herbivore.
You cover ground extremely quickly.
You need consume almost no food.


Message History

Unknown command.
Casting: Confuse
Confirm with . or Enter, or press ? or * to list all spells.
Aiming: Ensorcelled Hibernation
Press: ? - help, Shift-Dir - straight line, f - you
Okay, then.
Unknown command.
Casting: Ensorcelled Hibernation
Confirm with . or Enter, or press ? or * to list all spells.
Aiming: Confuse
Press: ? - help, Shift-Dir - straight line, f - burning bush
Aim: a burning bush (umbra, chance to defeat MR: 41%)
The burning bush resists with some effort.
The burning bush throws fire at you. The puff of flame hits you!
* * * LOW HITPOINT WARNING * * *
Unknown command.
The burning bush throws fire at you. The puff of flame hits you!
You die...

####################
_....⌠.#..'.)[#.†..#
._._._.'..#.%.#...P+
_._._._#..###'##.$?#
._._._.#..##∩∩.'@..#
_....⌠.#############
########


You could see a burning bush.

Vanquished Creatures
  2 wandering mushrooms (D)
  2 scorpions (D)
  3 oklob saplings (D)
  A worker ant (D)
  2 spriggans (D)
  A river rat (D)
  A rat (D)
12 creatures vanquished.

Notes
Turn   | Place    | Note
--------------------------------------------------------------
     0 | D        | Kidiri the Spriggan Enchanter began the quest for the Orb.
     0 | D        | Reached XP level 1. HP: 9/9 MP: 5/5
     8 | D        | Reached XP level 2. HP: 14/14 MP: 5/7
    17 | D        | Learned a level 2 spell: Ensorcelled Hibernation
    77 | D        | Noticed an oklob sapling
    78 | D        | Killed an oklob sapling
    78 | D        | Reached skill level 1 in Fighting
    78 | D        | Reached skill level 1 in Armour
    78 | D        | Reached skill level 5 in Stealth
    78 | D        | Reached XP level 3. HP: 18/18 MP: 7/9
    83 | D        | Learned a level 3 spell: Confuse
    87 | D        | Learned a level 3 spell: Dazzling Spray
    99 | D        | Reached skill level 5 in Dodging
    99 | D        | Reached skill level 6 in Stealth
    99 | D        | Reached skill level 1 in Ice Magic
   134 | D        | Found a snail-covered altar of Cheibriados.
   134 | D        | Found a glowing silver altar of Zin.
   134 | D        | Found a white marble altar of Elyvilon.
   135 | D        | Found a viscous altar of Jiyva.
   135 | D        | Found a radiant altar of Vehumet.
   135 | D        | Found a deep blue altar of Sif Muna.
   135 | D        | Found a burning altar of Makhleb.
   135 | D        | Found an oddly glowing altar of Pakellas.
   135 | D        | Found an ancient bone altar of Kikubaaqudgha.
   135 | D        | Found a bloodstained altar of Trog.
   135 | D        | Found a corrupted altar of Lugonu.
   135 | D        | Found a sacrificial altar of Ru.
   135 | D        | Noticed an oklob sapling priest
   136 | D        | Found a glowing golden altar of the Shining One.
   136 | D        | Found a sparkling altar of Nemelex Xobeh.
   137 | D        | Found a shadowy altar of Dithmenos.
   138 | D        | Found a shimmering altar of Xom.
   138 | D        | Found an iron altar of Okawaru.
   139 | D        | Found an opulent altar of Gozag.
   140 | D        | Found a roughly hewn altar of Beogh.
   140 | D        | Found a basalt altar of Yredelemnul.
   141 | D        | Killed an oklob sapling priest
   141 | D        | Reached skill level 7 in Stealth
   141 | D        | Reached skill level 5 in Spellcasting
   141 | D        | Reached skill level 1 in Evocations
   141 | D        | Reached XP level 4. HP: 23/23 MP: 9/12
   142 | D        | Found a stormy altar of Qazlal.
   149 | D        | Learned a level 3 spell: Tukima's Dance
   150 | D        | Became a worshipper of Dithmenos the Shadowed
   301 | D        | Reached skill level 1 in Conjurations
   301 | D        | Reached skill level 5 in Hexes
   301 | D        | Reached XP level 5. HP: 26/26 MP: 11/14
   306 | D        | Reached skill level 8 in Stealth
   306 | D        | Reached skill level 1 in Invocations
   307 | D        | Reached skill level 5 in Short Blades
   309 | D        | Reached * piety under Dithmenos
   320 | D        | Found Xoch's Distillery.
   320 | D        | Found Vaad's Gadget Emporium.
   441 | D        | Noticed a burning bush
   441 | D        | Noticed a wandering mushroom
   442 | D        | Noticed a wandering mushroom
   444 | D        | Killed a wandering mushroom
   444 | D        | Reached skill level 9 in Stealth
   444 | D        | Reached XP level 6. HP: 30/32 MP: 13/17
   448 | D        | Killed a wandering mushroom
   448 | D        | Reached skill level 10 in Stealth
   448 | D        | Reached XP level 7. HP: 19/36 MP: 13/19
   450 | D        | Killed from afar by a burning bush

Vault maps used:
D:        dungeon_sprint_fedhas

Action                   |  1- 3 |  4- 6 |  7- 9 || total
-------------------------+-------+-------+-------++-------
Melee: Dagger            |     5 |     7 |       ||    12
 Cast: Ensorcelled Hiber |     1 |       |       ||     1
       Confuse           |       |       |     1 ||     1
 Abil: Evoke Invisibilit |     1 |     2 |       ||     3
 Stab: Sleeping          |     5 |     7 |       ||    12
